 Dungeon Crawl Stone Soup version 0.28.0 (webtiles) character file.

Game seed: 12276563063325284866

20 HallandMoats the Ruffian (level 2, -1/27 HPs)
             Began as a Ghoul Monk on Feb 12, 2022.
             Hit by a goblin thrown by Robin (2 damage)
             ... on level 2 of the Dungeon.
             The game lasted 00:00:56 (909 turns).

HallandMoats the Ruffian (Ghoul Monk)                Turns: 909, Time: 00:00:57

Health: -1/27      AC:  3    Str: 14    XL:     2   Next: 79%
Magic:  1/1        EV: 12    Int:  5    God:
Gold:   24         SH:  0    Dex: 11    Spells: 1/1 levels left

rFire   . . .      SeeInvis .     - Unarmed
rCold   + . .      Faith    .   (no shield)
rNeg    + + +      Spirit   .   a - +0 robe
rPois   ∞          Reflect  .   h - +0 helmet
rElec   .          Harm     .   g - scarf {shadows}
rCorr   .          Rampage  .   (no gloves)
Will    +....                   (no boots)
Stlth   ++........              (no amulet)
HPRegen 0.00/turn               f - ring of willpower
MPRegen 0.07/turn               (no ring)

@: inhibited regen
A: claws 1, cold resistance 1, negative energy resistance 3, inhibited
regeneration, torment resistance 2
a: no special abilities


You were on level 2 of the Dungeon.
You visited 1 branch of the dungeon, and saw 2 of its levels.

You collected 24 gold pieces.

Inventory:

Armour
 a - a +0 robe (worn)
 g - a scarf of shadows (worn)
 h - a +0 helmet (worn)
Jewellery
 f - a ring of willpower (left claw)
Scrolls
 b - a scroll of enchant weapon {unknown}
 c - a scroll of vulnerability {unknown}
 i - a scroll of summoning {unknown}
Potions
 d - a potion of degeneration {unknown}
 e - a potion of heal wounds {unknown}
 j - a potion of haste {unknown}
 k - 2 potions of attraction {unknown}


   Skills:
 * Level 3.6 Fighting
 + Level 0.5 Armour
 + Level 2.8 Dodging
 - Level 2.1 Stealth
 * Level 3.7 Unarmed Combat


You had one spell level left.
You didn't know any spells.
Your spell library was empty.

Dungeon Overview and Level Annotations

Branches:
Dungeon (2/15)

Altars:

Annotations:
D:2 Robin


Innate Abilities, Weirdness & Mutations

You thrive by killing the living.
You are immune to poison.
You have sharp fingernails.
Your flesh is cold resistant. (rC+)
You are immune to negative energy. (rN+++)
You do not regenerate when monsters are visible.
You are immune to unholy pain and torment.


Message History

Robin roars a battlecry!
The goblins go into a battle-frenzy!
You barely miss the goblin.
The goblin shouts!
Your claw misses the goblin. The goblin closely misses you.
The goblin hits you with a +0 dagger.
A goblin comes into view. It is wielding a +0 dagger.
Robin throws the goblin at you!
You scratch the goblin.
The goblin is severely wounded.
The hobgoblin closely misses you. The goblin hits you with a +0 club.
The goblin hits you with a +0 dagger. The goblin barely misses you.
You are too injured to fight recklessly!
You are too injured to fight recklessly!
You are too injured to fight recklessly!
You are too injured to fight recklessly!
You are too injured to fight recklessly!
You are too injured to fight recklessly!
You are too injured to fight recklessly!
You are too injured to fight recklessly!
You are too injured to fight recklessly!
You are too injured to fight recklessly!
You are too injured to fight recklessly!
You are too injured to fight recklessly!
You are too injured to fight recklessly!
You are too injured to fight recklessly!
You are too injured to fight recklessly!
You are too injured to fight recklessly!
You are too injured to fight recklessly!
You are too injured to fight recklessly!
You scratch the goblin.
You kill the goblin!
The hobgoblin barely misses you. The goblin hits you with a +0 club.
* * * LOW HITPOINT WARNING * * *
The goblin hits you with a +0 dagger.
* * * LOW HITPOINT WARNING * * *
The hobgoblin hits you.
* * * LOW HITPOINT WARNING * * *
Robin throws the goblin at you!
You die...

..........#
........#.#
........#.##########
#⌠###8###..........#
# ###....##...##.#
#.....#8...8#
#.....##...##
#.....##gg.#
#.....##@gg#
#######8ggg8#
##g..## .gg..#
......# ........8
...⌠.....


You could see Robin, 4 hobgoblins and 5 goblins.

Vanquished Creatures
  3 ball pythons (D:1)
  2 endoplasms (D:1)
  A giant cockroach (D:1)
  4 hobgoblins (D:1)
  2 bats (D:1)
  2 frilled lizards (D:1)
  2 goblins
  A kobold (D:1)
  4 rats
21 creatures vanquished.

Notes
Turn   | Place    | Note
-------+----------+-------------------------------------------
     0 | D:1      | HallandMoats the Ghoul Monk began the quest for the Orb.
     0 | D:1      | Reached XP level 1. HP: 19/19 MP: 0/0
   371 | D:1      | Reached XP level 2. HP: 25/26 MP: 1/1
   904 | D:2      | Noticed Robin
   909 | D:2      | HP: 1/27 [hobgoblin[Robin] (3)]
   909 | D:2      | Hit by a goblin thrown by Robin

Illustrated notes

Levels and vault maps discovered:
D:1:      mrwooster_arrival_statue_3, layout_basic
D:2:      minmay_chambers_of_ones, layout_basic, ebering_ecumenical_altar_ruins,
          serial_corexii_hall, corexii_hall_statues_i,
          chequers_hall_statues_corner_a, chequers_hall_statues_y, serial_shops,
          nicolae_shop_overgrown_old_shop, uniq_robin

Action                   || total
-------------------------++-------
Melee: Unarmed           ||    42
       Punch             ||     2
Armor: Robe              ||     7
Dodge: Dodged            ||    30
